 Dungeon Crawl Stone Soup version 0.23.1-37-gaa34b87b72 (webtiles) character file.

Game seed: 7083578363410919168

16461 1994 the Artisan of Death (level 12, -8/92 HPs)
             Began as a Mummy Necromancer on Mar 25, 2019.
             Was a Priest of Kikubaaqudgha.
             Mangled by a minotaur
             ... wielding the +9 rapier of the Whale {speed, MR++ Str+5 Dex-3}
              (36 damage)
             ... in a Gauntlet.
             The game lasted 01:46:37 (19407 turns).

1994 the Artisan of Death (Mummy Necromancer)      Turns: 19407, Time: 01:46:38

Health: -8/92      AC: 14    Str: 11    XL:     12   Next: 10%
Magic:  10/25      EV: 19    Int: 19    God:    Kikubaaqudgha [***...]
Gold:   756        SH:  5    Dex: 13    Spells: 0/29 levels left

rFire    x . .     SeeInvis .   w - +5 long sword (freeze)
rCold    + . .     Gourm    .   l - +0 buckler
rNeg     + + +     Faith    .   B - +2 leather armour of the Sturgeon {rCorr}
rPois    ∞         Spirit   .   d - +0 helmet
rElec    .         Reflect  .   (no cloak)
rCorr    +         Harm     .   (no gloves)
MR       ++...     NoTele   +   f - +0 pair of boots
Stlth    +++.......             (no amulet)
HPRegen  0.25/turn              C - +4 ring of evasion
MPRegen  0.19/turn              K - ring of Twilight {rPois MR+ Stlth+}

@: icy armour
A: no food or potions, fire vulnerability, cold resistance 1, negative energy
resistance 3, torment resistance, unbreathing
a: Receive Corpses, Renounce Religion


You were in a Gauntlet.
You worshipped Kikubaaqudgha.
Kikubaaqudgha was most pleased with you.
You were not hungry.

You visited 3 branches of the dungeon, and saw 14 of its levels.
You also visited: Gauntlet.

You collected 917 gold pieces.
You spent 161 gold pieces at shops.

Inventory:

Hand Weapons
 i - a +2 dagger of chaos
 v - a +2 dagger of venom
 w - a +5 long sword of freezing (weapon)
 x - the +0 rapier of Aseowo {speed, Str+3 Int+3}
   (You found it on level 8 of the Dungeon)

   Attacks with this weapon are significantly faster.
   It affects your strength (+3).
   It affects your intelligence (+3).
 z - a +2 flail of draining
 E - a +1 antimagic hand axe
Missiles
 a - 8 steel tomahawks
 r - 12 javelins
 A - 7 tomahawks (quivered)
Armour
 d - a +0 helmet (worn)
 f - a +0 pair of boots (worn)
 l - a +0 buckler (worn)
 u - a +4 ring mail
 y - a +1 robe of the Archmagi
 B - the +2 leather armour of the Sturgeon (worn) {rCorr}
   (You bought it in a shop on level 6 of the Dungeon)

   It provides partial protection from all sources of acid and corrosion.
Jewellery
 n - a +2 ring of protection
 p - an uncursed ring of resist corrosion
 q - an uncursed ring of protection from magic
 C - a +4 ring of evasion (left hand)
 I - the amulet of Muemnolo {Harm *Corrode *Drain Str+4 Int+4 Dex+8}
   (You found it in a Gauntlet)

   [amulet of harm]

   It increases damage dealt and taken.
   It affects your strength (+4).
   It affects your intelligence (+4).
   It affects your dexterity (+8).
   It may corrode you when you take damage.
   It causes draining when unequipped.
 K - the ring of Twilight (right hand) {rPois MR+ Stlth+}
   (You found it in a Gauntlet)

   [ring of stealth]

   It protects you from poison.
   It affects your resistance to hostile enchantments.
   It makes you more stealthy.
Wands
 h - a wand of clouds (7)
 k - a wand of polymorph (7)
 s - a wand of random effects (28)
 t - a wand of iceblast (12)
 G - a wand of paralysis (16)
Scrolls
 b - 6 scrolls of teleportation
 c - 8 scrolls of remove curse
 e - a scroll of enchant armour {unknown}
 g - a scroll of immolation {unknown}
 j - 4 scrolls of fear
 m - 3 scrolls of magic mapping
 o - 8 scrolls of identify
 D - a scroll of noise {unknown}
 F - 2 scrolls of enchant weapon {unknown}
 H - a scroll of vulnerability
 J - 3 scrolls of amnesia


   Skills:
 + Level 7.9 Fighting
 - Level 3.9(4.0) Short Blades
 + Level 1.1(2.7) Long Blades
 + Level 7.4 Dodging
 - Level 1.5 Stealth
 - Level 4.0 Shields
 + Level 9.0 Spellcasting
 + Level 4.6 Charms
 + Level 10.3 Necromancy
 + Level 4.8 Ice Magic


You couldn't memorise any spells.
You knew the following spells:

 Your Spells              Type           Power        Failure   Level  Hunger
a - Pain                  Necr           ####         1%          1    N/A
b - Vampiric Draining     Necr           #####.....   1%          3    N/A
c - Animate Dead          Necr           N/A          1%          4    N/A
d - Corpse Rot            Necr           N/A          1%          2    N/A
e - Ozocubu's Armour      Chrm/Ice       ####....     4%          3    N/A
f - Excruciating Wounds   Chrm/Necr      #####.....   14%         5    N/A
g - Simulacrum            Ice/Necr       #####.....   58%         6    N/A
h - Dispel Undead         Necr           #####...     4%          5    N/A

Your spell library contained the following spells:

 Spells                   Type           Power        Failure   Level  Hunger
 Animate Skeleton         Necr           N/A          1%          1    N/A
 Freeze                   Ice            ####         1%          1    N/A
 Throw Frost              Conj/Ice       ###...       6%          2    N/A
 Sandblast                Erth           #.....       11%         1    N/A
 Sting                    Conj/Pois      #...         11%         1    N/A
 Passwall                 Tmut/Erth      #.......     16%         2    N/A
 Poisonous Vapours        Pois/Air       #.....       16%         2    N/A
 Death Channel            Necr           #####.....   24%         6    N/A
 Mephitic Cloud           Conj/Pois/Air  #.......     32%         3    N/A
 Stone Arrow              Conj/Erth      #.....       32%         3    N/A
 Borgnjor's Vile Clutch   Necr/Erth      ####......   34%         5    N/A
 Summon Ice Beast         Ice/Summ       ###.....     36%         4    N/A
 Throw Icicle             Conj/Ice       ###.....     36%         4    N/A
 Olgreb's Toxic Radiance  Pois           #.......     71%         4    N/A
 Petrify                  Tmut/Erth      #.......     71%         4    N/A
 Lee's Rapid Deconstruct  Erth           #.........   96%         5    N/A
 Venom Bolt               Conj/Pois      #.........   96%         5    N/A
 Regeneration             Chrm/Necr      Unusable     N/A         3    N/A

Dungeon Overview and Level Annotations

Branches:
Dungeon (12/15)            Temple (1/1) D:5            Lair (1/6) D:11
    Orc (0/2) D:10

Altars:
Ashenzari
Cheibriados
Dithmenos
Elyvilon
Fedhas
Gozag
Hepliaklqana
Kikubaaqudgha
Makhleb
Nemelex Xobeh
Okawaru
Qazlal
Ru
Sif Muna
Trog
Uskayaw
Vehumet
Wu Jian
Xom
Yredelemnul
Zin
The Shining One

Shops:
D:6 [   D:8 }   D:10 (   D:11 =

Annotations:
D:9 2 transporters, loot: scarf, pedritolo's ghost, novice DrGl Gauntlet 10 transporters, 9 runed translucent doors


Innate Abilities, Weirdness & Mutations

You do not eat or drink.
Your flesh is vulnerable to fire.
You are immune to poison.
Your flesh is cold resistant. (rC+)
You are immune to negative energy. (rN+++)
You are immune to unholy pain and torment.
You can survive without breathing.


Message History

Aim: a minotaur, wielding the +9 rapier of the Whale {speed, MR++ Str+5 Dex-3}, wearing a cursed +0 chain mail and wearing a +5 ring of dexterity (lightly wounded)
The minotaur is moderately wounded.
You feel life coursing into your body.
The minotaur hits you with the +9 rapier of the Whale {speed, MR++ Str+5 Dex-3}.
The minotaur barely misses you.
Unknown command.
Unknown command.
What are your orders? t - Shout!
Orders for allies: a - Attack new target. p - Attack previous target. r - Retreat! s - Stop attacking. g - Guard the area. f - Follow me.
Anything else - Cancel.
Gang up on whom?
Press: ? - help, Dir - move target cursor, f/p - minotaur
Aim: a minotaur, wielding the +9 rapier of the Whale {speed, MR++ Str+5 Dex-3}, wearing a cursed +0 chain mail and wearing a +5 ring of dexterity (moderately wounded) Attack!
The minotaur hits you with the +9 rapier of the Whale {speed, MR++ Str+5 Dex-3}!!!
You die...
Kikubaaqudgha rasps: "You have failed me!
Welcome... oblivion!"

#x#^.##.###..#≈8≈#
#x##.##X###..#...#######
#X#.#..^.#####.8.##....#
##.##.##.##©....(##.##.#
##^##X##^#####.8....##.#
#..}"©!..x#..#...##.##.#
###########§§#.8Z##..H.#
...........§§#..Z##.##.#
§..........§∩#.8@H..##.H...∩≈#
§...........§#..(##.##.#.#.≈≈#
###########..#.8Z##....#.# ≈#
#§≈.)©.≈.w#..#...##.##.# #
#.≈.≈§..≈D####.8....##.#
#..≈...≈≈.#©....Z##.##.#
#.≈.≈≈§.≈.####.8.##....#
#≈≈.§.≈..≈#..#...# #####
#†.≈...≈.≈#..#§8≈#


You could see a minotaur, an eight-headed hydra, a torpor snail, a small
abomination, a friendly hornet zombie, a friendly deep elf knight zombie, a
friendly naga mage zombie and a friendly faun zombie.

Vanquished Creatures
  2 two-headed ogres
  A deep elf mage (D:12)
  2 ugly things (D:11)
  An oklob plant (Lair:1)
  A manticore (D:12)
  A moth of wrath (Gauntlet)
  Psyche (D:10)
  A kobold demonologist (D:11)
  2 gargoyles (D:12)
  Prince Ribbit (D:9)
  A queen bee (D:8)
  4 blink frogs (Lair:1)
  A hippogriff (D:9)
  10 yaks
  A wyvern (D:8)
  3 wargs (D:11)
  A soldier ant (D:10)
  A porcupine (Lair:1)
  6 orc warriors
  4 ice beasts
  A phantom (D:5)
  4 sky beasts
  A black bear (D:8)
  4 ogres
  5 centaurs
  3 wolves (Gauntlet)
  3 crocodiles
  3 big kobolds (D:11)
  6 bullfrogs
  A wyvern zombie (D:12)
  A water moccasin zombie (D:7)
  A scorpion (D:6)
  A wyvern skeleton (D:7)
  25 killer bees
  9 wights
  A howler monkey (D:7)
  6 crimson imps
  4 centaur zombies
  6 hounds
  4 jellies
  6 orc priests
  12 orc wizards
  2 bullfrog skeletons (D:9)
  A gnoll shaman (D:4)
  3 iguanas
  2 centaur skeletons
  Ijyb (D:5)
  6 worker ants
  A statue (D:8)
  A killer bee zombie (D:10)
  A hound skeleton (D:7)
  4 howler monkey zombies
  A howler monkey skeleton (D:5)
  8 gnolls
  10 adders
  3 shadow imps
  3 adder skeletons
  2 worms
  A dart slug (D:2)
  4 leopard geckos
  54 orcs
  4 giant cockroaches
  12 goblins
  9 hobgoblins
  9 jackals
  16 kobolds
  7 quokkas
  3 ball pythons
  9 bats
  4 frilled lizards
  A jackal skeleton (D:5)
  2 leopard gecko skeletons (D:5)
  13 rats
349 creatures vanquished.

Vanquished Creatures (collateral kills)
  A rime drake (Lair:1)
  A bullfrog skeleton (D:12)
  A hound (D:12)
  An orc wizard (D:12)
  An adder skeleton (D:9)
  8 orcs
13 creatures vanquished.

Vanquished Creatures (others)
  4 fungi (Gauntlet)
  13 plants (Gauntlet)
17 creatures vanquished.

Grand Total: 379 creatures vanquished

Notes
Turn   | Place    | Note
-------+----------+-------------------------------------------
     0 | D:1      | 1994 the Mummy Necromancer began the quest for the Orb.
     0 | D:1      | Reached XP level 1. HP: 13/13 MP: 4/4
   238 | D:1      | Reached XP level 2. HP: 20/20 MP: 3/5
   536 | D:1      | Reached skill level 1 in Fighting
   936 | D:2      | Reached XP level 3. HP: 26/26 MP: 2/7
   987 | D:2      | Learned a level 3 spell: Vampiric Draining
  2080 | D:3      | Reached XP level 4. HP: 32/32 MP: 5/9
  2167 | D:3      | Found a bloodstained altar of Trog.
  2168 | D:3      | Found an opulent altar of Gozag.
  2941 | D:3      | Found a sacrificial altar of Ru.
  2978 | D:3      | Learned a level 4 spell: Animate Dead
  3195 | D:4      | Reached skill level 1 in Shields
  3322 | D:4      | Reached XP level 5. HP: 38/38 MP: 6/10
  3556 | D:4      | Reached skill level 5 in Necromancy
  4149 | D:4      | Reached XP level 6. HP: 44/44 MP: 6/12
  4219 | D:5      | Entered Level 5 of the Dungeon
  4237 | D:5      | Found a staircase to the Ecumenical Temple.
  4249 | Temple   | Entered the Ecumenical Temple
  4326 | Temple   | Became a worshipper of Kikubaaqudgha
  4391 | D:5      | Noticed an ice beast
  4404 | D:5      | Killed an ice beast
  4462 | D:5      | Noticed Ijyb
  4775 | D:5      | Killed Ijyb
  4847 | D:5      | Reached XP level 7. HP: 49/51 MP: 13/13
  5682 | D:5      | Reached skill level 6 in Necromancy
  5833 | D:6      | Found Lestro's Antique Armour Boutique.
  5887 | D:6      | Found a glowing golden altar of the Shining One.
  6118 | D:5      | Reached * piety under Kikubaaqudgha
  6118 | D:5      | Identified Kikubaaqudgha's Collected Works on Dark Arts
                  | (Kikubaaqudgha gifted it to you on level 5 of the Dungeon)
  6118 | D:5      | Received a gift from Kikubaaqudgha
  6118 | D:5      | Reached skill level 5 in Spellcasting
  6123 | D:5      | Learned a level 2 spell: Corpse Rot
  6339 | D:4      | Reached XP level 8. HP: 38/58 MP: 15/15
  8108 | D:7      | Reached skill level 7 in Necromancy
  8529 | D:7      | Reached XP level 9. HP: 62/66 MP: 18/18
  8792 | D:7      | Noticed a two-headed ogre
  9310 | D:7      | Reached skill level 8 in Necromancy
  9632 | D:8      | Reached ** piety under Kikubaaqudgha
  9815 | D:8      | Reached skill level 5 in Fighting
  9845 | D:8      | Found Jeruruf's Gadget Shop.
  9979 | D:8      | Got a warped rapier
  9980 | D:8      | Identified the +0 rapier of Aseowo {speed, Str+3 Int+3}
                  | (You found it on level 8 of the Dungeon)
 10455 | D:8      | Found a radiant altar of Vehumet.
 10654 | D:8      | Reached skill level 5 in Dodging
 11033 | D:9      | Noticed a queen bee
 11050 | D:9      | Reached skill level 9 in Necromancy
 11212 | D:8      | Killed a queen bee
 11386 | D:9      | Reached XP level 10. HP: 65/76 MP: 11/20
 11498 | D:9      | Noticed Prince Ribbit
 11512 | D:9      | Killed Prince Ribbit
 11582 | D:9      | Reached *** piety under Kikubaaqudgha
 11582 | D:9      | Identified Kikubaaqudgha's Tome of Dark Rites
                  | (Kikubaaqudgha gifted it to you on level 9 of the Dungeon)
 11582 | D:9      | Received a gift from Kikubaaqudgha
 11675 | D:9      | Learned a level 3 spell: Ozocubu's Armour
 11681 | D:9      | Learned a level 5 spell: Excruciating Wounds
 11882 | D:9      | Noticed pedritolo's ghost (novice DrGl)
 11883 | D:9      | Found a transporter.
 11884 | D:9      | Found a transporter.
 12068 | D:9      | Found a shattered altar of Ashenzari.
 12461 | D:10     | Entered Level 10 of the Dungeon
 12505 | D:10     | Reached skill level 1 in Short Blades
 12505 | D:10     | Reached skill level 1 in Charms
 12505 | D:10     | Reached skill level 1 in Ice Magic
 12600 | D:10     | Noticed Psyche
 12704 | D:10     | Killed Psyche
 12978 | D:10     | Noticed a two-headed ogre
 12997 | D:10     | Killed a two-headed ogre
 13321 | D:7      | Killed a two-headed ogre
 13687 | D:10     | Learned a level 6 spell: Simulacrum
 13706 | D:10     | Reached XP level 11. HP: 76/83 MP: 19/22
 14024 | D:10     | Found Halepeef's Weapon Emporium.
 14024 | D:10     | Found a staircase to the Orcish Mines.
 14211 | D:6      | Bought a crude leather armour for 161 gold pieces
 14222 | D:6      | Identified the +2 leather armour of the Sturgeon {rCorr}
                  | (You bought it in a shop on level 6 of the Dungeon)
 14805 | D:11     | Noticed a brown ugly thing
 14876 | D:11     | Found Mulo Laoseext's Jewellery Emporium.
 14999 | D:11     | Found a staircase to the Lair.
 15202 | D:11     | Noticed a purple ugly thing
 15219 | D:11     | Killed a purple ugly thing
 15343 | D:11     | Reached **** piety under Kikubaaqudgha
 15461 | D:11     | Killed a brown ugly thing
 16021 | D:12     | Reached skill level 10 in Necromancy
 16145 | D:12     | Noticed a deep elf mage
 16158 | D:12     | Killed a deep elf mage
 17426 | Lair:1   | Entered Level 1 of the Lair of Beasts
 17426 | Lair:1   | Noticed an oklob plant
 17443 | Lair:1   | Killed an oklob plant
 17667 | Lair:1   | Found a gate leading to a gauntlet.
 17676 | Lair:1   | Reached XP level 12. HP: 82/92 MP: 17/24
 17705 | Gauntlet | Entered a Gauntlet
 17705 | Gauntlet | Found a transporter.
 17705 | Gauntlet | Found a transporter.
 17705 | Gauntlet | Found a large runed translucent door.
 17705 | Gauntlet | Found a large runed translucent door.
 17705 | Gauntlet | Found a large runed translucent door.
 17705 | Gauntlet | Found a large runed translucent door.
 17705 | Gauntlet | Found a large runed translucent door.
 17705 | Gauntlet | Found a large runed translucent door.
 17705 | Gauntlet | Found a runed translucent door.
 17705 | Gauntlet | Found a runed translucent door.
 17705 | Gauntlet | Found a large runed translucent door.
 17705 | Gauntlet | Found a large runed translucent door.
 17705 | Gauntlet | Found a large runed translucent door.
 17705 | Gauntlet | Found a large runed translucent door.
 17705 | Gauntlet | Found a large runed translucent door.
 17705 | Gauntlet | Found a large runed translucent door.
 17834 | Gauntlet | Found a transporter.
 17846 | Gauntlet | Found a transporter.
 17887 | Gauntlet | Found a transporter.
 17904 | Gauntlet | Noticed a catoblepas
 17905 | Gauntlet | Found a transporter.
 17919 | Gauntlet | Found a transporter.
 17940 | Gauntlet | Found a transporter.
 18009 | Gauntlet | Found a large runed translucent door.
 18009 | Gauntlet | Found a large runed translucent door.
 18010 | Gauntlet | Found a runed translucent gate.
 18010 | Gauntlet | Found a runed translucent gate.
 18010 | Gauntlet | Found a runed translucent gate.
 18012 | Gauntlet | Found a transporter.
 18022 | Gauntlet | Found a large runed translucent door.
 18023 | Gauntlet | Found a large runed translucent door.
 18027 | Gauntlet | Found a transporter.
 18045 | Gauntlet | Found a transporter.
 18057 | Gauntlet | Found a transporter.
 18083 | Gauntlet | Found a transporter.
 18158 | Gauntlet | Found a transporter.
 18185 | Gauntlet | Found a transporter.
 18191 | Gauntlet | Noticed an eight-headed hydra
 18229 | Gauntlet | Found a transporter.
 18277 | Gauntlet | Noticed a great orb of eyes
 18277 | Gauntlet | a wolf spider changed into a great orb of eyes
 18279 | Gauntlet | a great orb of eyes changed into a wolf spider
 18300 | Gauntlet | Learned a level 5 spell: Dispel Undead
 18437 | Gauntlet | Got a smoking bone amulet
 18820 | Gauntlet | Reached skill level 1 in Long Blades
 19186 | Gauntlet | Learned a level 1 spell: Pain
 19223 | Gauntlet | Got a brightly glowing jade ring
 19357 | Gauntlet | Identified the amulet of Muemnolo {Harm *Corrode *Drain
                  | Str+4 Int+4 Dex+8} (You found it in a Gauntlet)
 19360 | Gauntlet | Identified the ring of Twilight {rPois MR+ Stlth+} (You
                  | found it in a Gauntlet)
 19391 | Gauntlet | Identified the +9 rapier of the Whale {speed, MR++ Str+5
                  | Dex-3}
 19391 | Gauntlet | Noticed a minotaur
 19407 | Gauntlet | Mangled by a minotaur

Skill      XL: |  1  2  3  4  5  6  7  8  9 10 11 12 |
---------------+-------------------------------------+-----
Spellcasting   | 3 4 5 6 7 8 9 |  9.0
Fighting       | 1 2 3 4 6 7 |  7.9
Dodging        | 2 3 4 5 6 7 |  7.4
Shields        | 1 2 3 4 |  4.0
Necromancy     | 5 6 7 9 10 | 10.3
Short Blades   | 2 3 |  3.9
Charms         | 2 4 |  4.6
Ice Magic      | 2 4 |  4.8
Long Blades    | 1 |  1.1
Stealth        | |  1.5

Action                   |  1- 3 |  4- 6 |  7- 9 | 10-12 || total
-------------------------+-------+-------+-------+-------++-------
Melee: Short sword       |     1 |    19 |       |       ||    20
       Dagger            |     2 |    68 |       |    94 ||   164
       Falchion          |       |    43 |    91 |       ||   134
       Long sword        |       |       |   207 |   366 ||   573
       Rapier            |       |       |    11 |       ||    11
Throw: Tomahawk          |       |       |       |     2 ||     2
 Cast: Pain              |    89 |   119 |    58 |   131 ||   397
       Vampiric Draining |       |     4 |    45 |    94 ||   143
       Animate Dead      |       |       |     1 |     6 ||     7
       Ozocubu's Armour  |       |       |       |    25 ||    25
       Corpse Rot        |       |       |       |     2 ||     2
       Excruciating Woun |       |       |       |     2 ||     2
       Simulacrum        |       |       |       |     2 ||     2
Invok: Receive Corpses   |       |       |       |     5 ||     5
  Use: Scroll            |       |       |     4 |     7 ||    11
 Stab: Sleeping          |     1 |       |     1 |     1 ||     3
       Distracted        |       |       |       |     3 ||     3
Armor: Robe              |     5 |       |       |       ||     5
       Leather armour    |       |    37 |    26 |   146 ||   209
       Ring mail         |       |       |   108 |     3 ||   111
Dodge: Dodged            |    10 |    95 |   269 |   406 ||   780
Block: Buckler           |       |     8 |   102 |   147 ||   257
       Rpst.: Falchion   |       |     3 |    16 |       ||    19
       Long sword        |       |       |    60 |   109 ||   169
